 Dungeon Crawl Stone Soup version 0.31.0-4-g52a2dc7128 (webtiles) character file.

Game seed: 4872903561932312553

1055 apoch the Cleaver (level 8, 0/105 HPs)
             Began as a Hill Orc Fighter on Jan 22, 2024.
             Was a Believer of Cheibriados.
             Succumbed to a gnoll sergeant's poison
             ... on level 5 of the Dungeon on Jan 23, 2024.
             The game lasted 00:15:01 (4225 turns).

apoch the Cleaver (Hill Orc Fighter)                Turns: 4225, Time: 00:15:02

Health: 0/105      AC: 24    Str: 26    XL:     8   Next: 26%
Magic:  9/9        EV:  2    Int: 13    God:    Cheibriados [**....]
Gold:   299        SH:  5    Dex: 15    Spells: 7/7 levels left

rFire   . . .        a - +1 war axe
rCold   . . .        c - +0 buckler
rNeg    . . .        b - melded +0 scale mail
rPois   +            n - melded +1 hat
rElec   .            o - melded +1 cloak {rCorr}
rCorr   .            (gloves currently unavailable)
SInv    .            g - melded +0 pair of boots
Will    .....        i - amulet of faith
Stlth   +            (no ring)
HPRegen 0.37/turn    (no ring)
MPRegen 0.11/turn

%: faith
@: lethally poisoned (0 -> -15), tree-form, very slow
A: stationary, stasis, torment immunity, boosted hp
a: Renounce Religion, Bend Time


You were on level 5 of the Dungeon.
You worshipped Cheibriados.
Cheibriados was pleased with you.
You were a tree.
You visited 1 branch of the dungeon, and saw 5 of its levels.

You collected 299 gold pieces.

Inventory:

Hand Weapons
 a - a +1 war axe (weapon)
 s - a +0 flail
Missiles
 q - 9 boomerangs (quivered)
 r - 5 curare-tipped darts
 v - 53 stones
Armour
 b - a +0 scale mail (melded)
 c - a +0 buckler (worn)
 g - a +0 pair of boots (melded)
 n - a +1 hat (melded)
 o - a +1 cloak of preservation (melded)
Jewellery
 e - a ring of wizardry
 i - an amulet of faith (around neck)
 p - a ring of ice
Scrolls
 f - 3 scrolls of noise
 k - a scroll of enchant weapon
 l - a scroll of enchant armour {unknown}
 t - 2 scrolls of identify
 u - a scroll of teleportation
Potions
 d - a potion of might
 h - a potion of magic
 m - 2 potions of haste
 w - a potion of lignification


   Skills:
 + Level 6.2 Fighting
 * Level 8.4 Axes
 + Level 5.7 Armour
 - Level 5.0 Shields
 + Level 1.9 Invocations


You had 7 spell levels left.
You didn't know any spells.
Your spell library contained the following spells:

 Spells                   Type           Power      Damage    Failure   Level
 Static Discharge         Conj/Air       0%         3-3/arc   47%         2
 Airstrike                Air            0%         2d(0-16)  98%         4
 Summon Lightning Spire   Summ/Air       0%         N/A       98%         4


Dungeon Overview and Level Annotations

Branches:
Dungeon (5/15)
 Temple: D:4-7

Altars:
Cheibriados
Gozag
Xom

Shops:
D:3 [


Message History

You hit the gnoll sergeant but do no damage.
The gnoll sergeant is almost dead.
You feel sick.
The gnoll sergeant hits you with a +0 spear of venom.
* * * LOW HITPOINT WARNING * * *
You are more poisoned.
The gnoll sergeant hits you with a +0 spear of venom!
* * * LOW HITPOINT WARNING * * *
You are more poisoned.
You feel much better.
You feel very sick.
The gnoll sergeant hits you with a +0 spear of venom.
* * * LOW HITPOINT WARNING * * *
You are more poisoned.
Unknown command.
You slash the gnoll sergeant!
You kill the gnoll sergeant!
Cheibriados appreciates the change of pace.
* * * LOW HITPOINT WARNING * * *
You feel extremely sick.
* * * LOW HITPOINT WARNING * * *
You feel extremely sick.
Things that are here:
a +0 spear of venom; a +0 scale mail; a gnoll corpse You close the door.
* * * LOW HITPOINT WARNING * * *
You feel very sick.
There is a lethal amount of poison in your body!
Okay, then.
As you read the scroll of identify, it crumbles to dust.
w - 2 potions of lignification
* * * LOW HITPOINT WARNING * * *
You feel very sick.
You turn into a tree.
Your +1 cloak of preservation melds into your body.
Your +1 hat melds into your body.
Your +0 pair of boots melds into your body.
Your +0 scale mail melds into your body.
Your roots penetrate the ground.
You die...

...)......... ....#....
....<...##.. ######...#..#
#..÷))..## #...........# #
##..†....# #........#..#..
##.÷..#### .# ##....))†.....^.
#..#...# #.#.##....#.........
...#...####.#.##....##........
....)...#.....##+#####.###....
..............##♣...##........
..)........#..##..>.##..#####.
≈≈..........#.##....##..#
.≈≈........##..######..### ..
..≈≈≈......#....####...>.####...
....≈≈†.........................
.....≈....#.......###........##
..........#.......#.........##
......)...........†)...)....#


There were no monsters in sight!

Vanquished Creatures
  A wyvern (D:4)
  An ice beast (D:5)
  2 gnoll sergeants (D:5)
  A scorpion (D:5)
  2 gnoll boudas (D:5)
  2 orc priests (D:3)
  A bombardier beetle (D:4)
  Crazy Yiuf (D:3)
  4 hounds
  7 adders
  18 gnolls
  A ribbon worm (D:3)
  3 dart slugs
  11 orcs
  7 ball pythons
  3 bats (D:1)
  8 endoplasms
  4 giant cockroaches
  5 goblins
  2 hobgoblins
  2 jackals (D:5)
  3 kobolds
  3 quokkas
  5 frilled lizards
  25 rats
122 creatures vanquished.

Notes
Turn   | Place    | Note
-------+----------+-------------------------------------------
     0 | D:1      | apoch the Hill Orc Fighter began the quest for the Orb.
     0 | D:1      | Reached XP level 1. HP: 19/19 MP: 1/1
   162 | D:1      | Reached skill level 3 in Axes
   270 | D:1      | Reached XP level 2. HP: 27/27 MP: 2/2
   943 | D:1      | Reached XP level 3. HP: 33/33 MP: 3/3
   949 | D:1      | Found a faded altar of an unknown god.
  1100 | D:2      | Reached skill level 4 in Axes
  1133 | D:2      | Reached XP level 4. HP: 40/40 MP: 4/4
  1633 | D:3      | Found Fohuf's Antique Armour Shop.
  1873 | D:3      | Reached XP level 5. HP: 27/47 MP: 5/5
  2111 | D:3      | Identified the +3 hand axe "Pypudut" {speed, *Rage Int+2
                  | Dex+8}
  2125 | D:3      | Found a runed translucent door.
  2126 | D:3      | Noticed Crazy Yiuf
  2131 | D:3      | Killed Crazy Yiuf
  2444 | D:3      | Reached skill level 5 in Axes
  2457 | D:3      | Reached XP level 6. HP: 53/53 MP: 6/6
  2705 | D:3      | Found a shimmering altar of Xom.
  2931 | D:4      | Found a snail-covered altar of Cheibriados.
  3122 | D:4      | Noticed a wyvern
  3132 | D:4      | Killed a wyvern
  3133 | D:4      | Reached skill level 5 in Fighting
  3133 | D:4      | Reached skill level 6 in Axes
  3133 | D:4      | Reached XP level 7. HP: 30/61 MP: 7/7
  3401 | D:4      | Became a worshipper of Cheibriados the Contemplative
  3571 | D:4      | Reached * piety under Cheibriados
  3587 | D:4      | Found an opulent altar of Gozag.
  3747 | D:5      | Entered Level 5 of the Dungeon
  3765 | D:5      | Reached skill level 5 in Shields
  3797 | D:5      | Reached skill level 7 in Axes
  3797 | D:5      | Reached skill level 5 in Armour
  3808 | D:5      | HP: 3/62 [gnoll sergeant/+0 spear (9)]
  3809 | D:5      | HP: 1/62 [gnoll sergeant/+0 spear (2)]
  4012 | D:5      | Reached ** piety under Cheibriados
  4046 | D:5      | Reached XP level 8. HP: 70/70 MP: 8/8
  4099 | D:5      | Reached skill level 8 in Axes
  4099 | D:5      | Reached skill level 1 in Invocations
  4224 | D:5      | HP: 2/70 [poisoned by a gnoll sergeant]
  4225 | D:5      | Succumbed to a gnoll sergeant's poison

Illustrated notes

Levels and vault maps discovered:
D:1:      dpeg_arrival_rooms_with_view, layout_loops_corners,
          shapermc_ecumenical_altar_hornbeckon, serial_bayou,
          serial_bayou_pond_b, serial_bayou_pond_b, serial_bayou_pond_c,
          serial_bayou_lagoon_a
D:2:      layout_rooms
D:3:      cheibrodos_pilgrimage, layout_loops_ring,
          mainiacjoe_overflow_cross_hatched, serial_shops,
          nicolae_shop_tiny_waterfront, st_stairs_10, uniq_crazy_yiuf_cottage
D:4:      layout_cave_pools, nicolae_gozag_seed_capital, slow_altar_2,
          minmay_rat_hole
D:5:      layout_cave_pools, general_overflow_altar,
          minmay_temple_entry_from_below_a, serial_shops,
          nicolae_take_the_stairs, serial_gnoll_camp, gnoll_camp_huts_moat,
          gnoll_camp_mini_sergeant, gnoll_camp_mini_basic,
          gnoll_camp_mini_loothouse, gnoll_camp_mini_hut, gnoll_camp_mini_shop

Skill      XL: |  1  2  3  4  5  6  7  8 |
---------------+-------------------------+-----
Axes           | 3 4 5 6 7 8 |  8.4
Fighting       | 4 5 6 |  6.2
Shields        | 4 5 |  5.0
Armour         | 4 5 |  5.7
Invocations    | 1 |  1.9

Action                     |  1- 3 |  4- 6 |  7- 9 || total
---------------------------+-------+-------+-------++-------
  Melee: War axe           |    79 |    87 |   127 ||   293
         Hand axe          |       |    35 |       ||    35
  Throw: Stone             |       |     5 |       ||     5
         Boomerang         |       |     9 |    26 ||    35
    Use: Scroll            |       |     8 |     1 ||     9
         Potion            |       |       |     3 ||     3
 Armour: Scale mail        |    61 |    90 |   102 ||   253
  Dodge: Dodged            |    34 |    48 |    62 ||   144
  Block: Buckler           |    16 |    26 |    37 ||    79
